 Dungeon Crawl Stone Soup version 0.30-a0-161-gdd60e06945 (webtiles) character file.

Game seed: 6220405602000541584

77 qw the Chopper (level 4, 0/28 HPs)
             Began as a Gargoyle Fighter on Sept 27, 2022.
             Slain by Sigmund
             ... wielding a +0 scythe
              (5 damage)
             ... on level 2 of the Dungeon.
             The game lasted 00:00:34 (1123 turns).

qw the Chopper (Gargoyle Fighter)                   Turns: 1123, Time: 00:00:34

Health: 0/28       AC: 13    Str: 22    XL:     4   Next: 33%
Magic:  4/4        EV:  7    Int:  8    God:
Gold:   100        SH:  4    Dex:  9    Spells: 3/3 levels left

rFire   . . .      SeeInvis .    Y - +0 war axe
rCold   . . .      Faith    .    c - +0 buckler
rNeg    + . .      Spirit   .    i - +0 chain mail
rPois   inf        Reflect  .    (no helmet)
rElec   +          Harm     .    (no cloak)
rCorr   +          Rampage  .    (no gloves)
Will    .....                    f - +0 pair of boots
Stlth   ..........               (no amulet)
HPRegen 0.09/turn                l - ring of resist corrosion
MPRegen 0.09/turn                (no ring)

@: no status effects
A: sickness immunity, AC +3, negative energy resistance 1, electricity
resistance, torment resistance 1, petrification resistance
a: no special abilities


You were on level 2 of the Dungeon.
You visited 1 branch of the dungeon, and saw 2 of its levels.

You collected 100 gold pieces.


Innate Abilities, Weirdness & Mutations

You are immune to sickness and miasma.
Your stone body is resilient. (AC +3)
You are immune to poison.
You resist negative energy. (rN+)
You are resistant to electric shocks. (rElec)
You are resistant to unholy torment.
You are immune to petrification.


   Skills:
 - Level 3.2 Fighting
 + Level 4.0 Axes
 - Level 3.2 Armour
 - Level 3.2 Shields


You had 3 spell levels left.
You didn't know any spells.
Your spell library was empty.

Inventory:

Hand Weapons
 a - a +0 flail
 Y - a +0 war axe (weapon)
Armour
 c - a +0 buckler (worn)
 f - a +0 pair of boots (worn)
 i - a +0 chain mail (worn)
Jewellery
 l - a ring of resist corrosion (left hand)
Scrolls
 b - a scroll of summoning {unknown}
 m - a scroll of identify
Potions
 d - a potion of might
 g - a potion of heal wounds
 h - a potion of curing {unknown}

Dungeon Overview and Level Annotations

Branches:
Dungeon (2/15)

Altars:

Annotations:
D:2 Sigmund


Message History

Sigmund hits you from afar with a +0 scythe.
Sigmund gestures at you while chanting.
You are more confused.
You barely miss Sigmund. Sigmund hits you but does no damage.
Sigmund gestures wildly while chanting.
Sigmund flickers and vanishes!
Deactivating autopickup; reactivate with Ctrl-A.
You're too confused to attack without stumbling around!
There is a strange disturbance nearby!
Something hits you but does no damage.
You're too confused to attack without stumbling around!
There is a strange disturbance nearby!
Something hits you but does no damage.
You're too confused to attack without stumbling around!
There is a strange disturbance nearby!
You're too confused to attack without stumbling around!
There is a strange disturbance nearby!
Something hits you but does no damage.
You're too confused to attack without stumbling around!
There is a strange disturbance nearby!
Something hits you but does no damage.
You're too confused to attack without stumbling around!
There is a strange disturbance nearby!
You're too confused to attack without stumbling around!
There is a strange disturbance nearby!
You feel less confused. Something hits you but does no damage.
You swing at nothing.
Something completely misses you.
You swing at nothing.
A magic dart appears from out of thin air!
The magic dart hits you but does no damage.
You swing at nothing.
Something hits you!
You swing at nothing.
Something hits you.
You swing at nothing.
Something hits you.
You die...

##.. .## ..# ##..# ..
#..# ##..## #.####..#
####..### #.......#
#........ #..#....#
##.#'#####
######.).....#
##.......#
#............#
#........# #.# #.##@...#
#........# #. #.#
#.##...%###........#
##.## #.#
#.##.{.............#
..@..#.#
#.##.....##....##### #@
#..#.####.##...#.####+##
#..#.....@......#>...#
#.....#.####.##.#.##....
#.##.........##.#.#
.#... ##.#?#######....
.+...#


There were no monsters in sight!

Vanquished Creatures
  Terence (D:2)
  An adder (D:2)
  2 dart slugs
  5 bats
  4 endoplasms
  A giant cockroach (D:1)
  5 goblins (D:1)
  4 hobgoblins (D:1)
  4 jackals
  A quokka (D:1)
  A ball python (D:1)
  3 kobolds
  2 rats (D:1)
34 creatures vanquished.

Notes
Turn   | Place    | Note
-------+----------+-------------------------------------------
     0 | D:1      | qw the Gargoyle Fighter began the quest for the Orb.
     0 | D:1      | Reached XP level 1. HP: 14/14 MP: 1/1
     0 | D:1      | 0 ||| qw: Version: 0.2-a-10-g37ed214
     0 | D:1      | 0 ||| qw: Game counter: 661
     0 | D:1      | 0 ||| qw: Always use a shield: true
     0 | D:1      | 0 ||| qw: God list: Okawaru
     0 | D:1      | 0 ||| qw: Allow faded altars: false
     0 | D:1      | 0 ||| qw: Do Orc after D:15 true
     0 | D:1      | 0 ||| qw: Do second Lair branch before Depths: true
     0 | D:1      | 0 ||| qw: Lair rune preference: random
     0 | D:1      | 0 ||| qw: Plans: Normal, Zot:1-4, God:TSO, Crypt, Tomb,
                  | Pan, Slime:5, Hells, Abyss, Orb
     0 | D:1      | 0 ||| PLANNING D:1-11
    18 | D:1      | Reached skill level 2 in Axes
    76 | D:1      | 76 ||| Stepping ~*~*~tactically~*~*~ (stealth).
    87 | D:1      | Reached XP level 2. HP: 19/19 MP: 2/2
   361 | D:1      | Reached skill level 3 in Axes
   369 | D:1      | Reached XP level 3. HP: 23/23 MP: 3/3
   494 | D:1      | 494 ||| DROPPING +0 club.
   802 | D:1      | 802 ||| UPGRADING to +0 pair of boots.
   807 | D:1      | 807 ||| UPGRADING to +0 chain mail.
   817 | D:1      | 817 ||| DROPPING +0 scale mail.
   818 | D:1      | 818 ||| UPGRADING to ring of resist corrosion.
   819 | D:1      | 819 ||| READING scroll labelled HUEMPA ASUME.
   820 | D:1      | 820 ||| READING 3 scrolls labelled BEUSMO ROROON.
   821 | D:1      | 821 ||| READING 2 scrolls labelled CAILOM YDIECIU.
   822 | D:1      | 822 ||| READING scroll labelled BEMIOMUO ITAKO.
   879 | D:1      | 879 ||| DRINKING 2 inky potions.
   880 | D:1      | 880 ||| DROPPING 2 scrolls of fear.
   932 | D:2      | Noticed Terence
   938 | D:2      | Killed Terence
   939 | D:2      | Reached XP level 4. HP: 22/28 MP: 4/4
   941 | D:2      | 941 ||| Stepping ~*~*~tactically~*~*~ (stealth).
   943 | D:2      | 943 ||| Stepping ~*~*~tactically~*~*~ (stealth).
  1025 | D:2      | Reached skill level 4 in Axes
  1025 | D:2      | 1025 ||| DROPPING +0 mace.
  1056 | D:2      | 1056 ||| Stepping ~*~*~tactically~*~*~ (hiding).
  1086 | D:2      | Noticed Sigmund
  1087 | D:2      | 1087 ||| FLEEEEING.
  1089 | D:2      | 1089 ||| FLEEEEING.
  1092 | D:2      | 1092 ||| FLEEEEING.
  1093 | D:2      | 1093 ||| FLEEEEING.
  1094 | D:2      | 1094 ||| FLEEEEING.
  1095 | D:2      | 1095 ||| FLEEEEING.
  1099 | D:2      | 1099 ||| FLEEEEING.
  1100 | D:2      | 1100 ||| FLEEEEING.
  1121 | D:2      | HP: 7/28 [something (7)]
  1123 | D:2      | Slain by Sigmund

Levels and vault maps discovered:
D:1:      ncdulo_smallfort, layout_loops_ring, amethyst_killhole
D:2:      layout_basic, basic_ecumenical_altar, uniq_terence, uniq_sigmund

Skill      XL: |  1  2  3  4 |
---------------+-------------+-----
Axes           | 2 3 4 |  4.0
Fighting       | |  3.2
Armour         | |  3.2
Shields        | |  3.2

Action                   |  1- 3 |  4- 6 || total
-------------------------+-------+-------++-------
Melee: War axe           |    76 |    16 ||    92
  Use: Scroll            |     4 |       ||     4
       Potion            |     1 |       ||     1
Armor: Scale mail        |    39 |       ||    39
       Chain mail        |     5 |    14 ||    19
Dodge: Dodged            |    33 |     7 ||    40
Block: Buckler           |    19 |     3 ||    22

Table legend:
 A = Non-vault XP
 B = Vault XP
 C = Vault XP percentage of total XP
 D = Non-vault monster count
 E = Vault monster count
 F = Vault count percentage of total count
                 A         B        C        D         E       F
            +---------+---------+-------+---------+---------+-------
      Total |      74 |      36 |  32.7 |      33 |       1 |   2.9
            +---------+---------+-------+---------+---------+-------
        D:1 |      47 |       0 |   0.0 |      26 |       0 |   0.0
        D:2 |      27 |      36 |  57.1 |       7 |       1 |  12.5
            +---------+---------+-------+---------+---------+-------
